 Dungeon Crawl Stone Soup version 0.20.1-1-g8b1a95d (webtiles) character file.

24 letownia2 the Grave Robber (level 2, -1/22 HPs)
             Began as a Deep Dwarf Necromancer on Dec 20, 2017.
             Slain by a big kobold zombie (4 damage)
             ... in a sewer.
             The game lasted 00:03:19 (1002 turns).

letownia2 the Grave Robber (Deep Dwarf Necromancer) Turns: 1002, Time: 00:03:19

Health: -1/22      AC:  2    Str: 11    XL:     2   Next: 79%
Magic:  5/5        EV: 12    Int: 15    God:
Gold:   66         SH:  0    Dex: 13    Spells: 4/5 levels left

rFire    . . .     SeeInvis .   g - -2 dagger (curse)
rCold    . . .     Gourm    .   (no shield)
rNeg     . . .     Faith    .   a - +0 robe
rPois    .         Spirit   .   (no helmet)
rElec    .         Reflect  .   (no cloak)
rCorr    .         Harm     .   (no gloves)
MR       .....                  (no boots)
Stlth    ++........             (no amulet)
Regen    0.0/turn               (no ring)
MPRegen  0.1/turn               (no ring)

@: non-regenerating
A: damage resistance, heal wounds, sense surroundings 1, no regeneration
a: Heal Wounds


You were in a sewer.
You were hungry.

You visited 1 branch of the dungeon, and saw 3 of its levels.
You also visited: Sewer.

You collected 66 gold pieces.

Inventory:

Hand Weapons
 g - a cursed -2 dagger (weapon)
Armour
 a - a +0 robe (worn)
 i - a +0 leather armour
Scrolls
 d - a scroll of amnesia {unknown}
 e - 2 scrolls of fear {unknown}
 h - a scroll of teleportation {unknown}
 j - a scroll of remove curse {unknown}
Books
 b - a book of Necromancy

   Spells                             Type                      Level
   a - Pain                           Necromancy                   1
   b - Animate Skeleton               Necromancy                   1
   c - Vampiric Draining              Necromancy                   3
   d - Regeneration                   Charms/Necromancy            3
   e - Animate Dead                   Necromancy                   4
   f - Control Undead                 Necromancy                   4
Comestibles
 c - a bread ration


   Skills:
 - Level 2.1 Dodging
 - Level 2.4 Stealth
 + Level 2.4 Spellcasting
 + Level 4.8 Necromancy


You had 4 spell levels left.
You knew the following spells:

 Your Spells              Type           Power        Failure   Level  Hunger
a - Pain                  Necr           ###.         3%          1    #......


Dungeon Overview and Level Annotations

Branches:
Dungeon (3/15)

Altars:
Qazlal
The Shining One


Innate Abilities, Weirdness & Mutations

You are resistant to damage.
You can heal yourself by infusing magical energy.
You passively map a small area around you.
You do not regenerate.


Message History

The big kobold zombie hits you.
You hit the big kobold zombie but do no damage.
The big kobold zombie is heavily damaged.
The big kobold zombie closely misses you.
You closely miss the big kobold zombie.
The big kobold zombie is heavily damaged.
The big kobold zombie hits you but does no damage.
You hit the big kobold zombie.
The big kobold zombie is heavily damaged.
The big kobold zombie misses you.
You hit the big kobold zombie but do no damage.
The big kobold zombie is heavily damaged.
You hit the big kobold zombie but do no damage.
The big kobold zombie is heavily damaged.
The big kobold zombie hits you.
* * * LOW HITPOINT WARNING * * *
You hit the big kobold zombie.
The big kobold zombie is heavily damaged.
The big kobold zombie hits you.
You die...

≈≈ #
################
.≈≈#≈≈≈≈≈≈≈≈≈≈≈≈≈≈#
.≈≈.≈≈≈≈≈≈≈.≈≈≈≈≈≈#
,#...(......Z)..#
############@###
##...## #.....#
#..∩..# #..∩..#
##...## #####


You could see a big kobold zombie.

Vanquished Creatures
  An adder (D:3)
  A leopard gecko (D:3)
  An orc (D:3)
  A bat (D:2)
  A giant cockroach (D:1)
  A goblin (D:2)
  A hobgoblin (D:3)
  2 kobolds
  A quokka (D:3)
  A frilled lizard (D:3)
  A rat (D:3)
12 creatures vanquished.

Notes
Turn   | Place    | Note
-------+----------+-------------------------------------------
     0 | D:1      | letownia2 the Deep Dwarf Necromancer began the quest for the Orb.
     0 | D:1      | Reached XP level 1. HP: 15/15 MP: 3/3
   166 | D:2      | Found a faded altar of an unknown god.
   398 | D:3      | Found a glowing golden altar of the Shining One.
   490 | D:3      | Noticed an orc wizard
   518 | D:3      | Reached XP level 2. HP: 17/22 MP: 0/5
   775 | D:3      | Found a stormy altar of Qazlal.
   863 | D:3      | Found a glowing drain.
   870 | Sewer    | Entered a sewer
  1002 | Sewer    | Slain by a big kobold zombie

Skill      XL: |  1 |
---------------+----+-----
Spellcasting   | 2 |  2.4
Dodging        | |  2.1
Stealth        | |  2.4
Necromancy     | |  4.8

Action                   || total
-------------------------++-------
Melee: Dagger            ||    40
 Cast: Pain              ||    19
  Use: Potion            ||     1
Armor: Robe              ||     9
Dodge: Dodged            ||    39
